Capitals vs Penguins

Created - 7 octobre 2018 at 20:35

Simulating a Pre-Season

Goals
1 2 3 T
Capitals 0 0 0 0
Penguins 1 0 0 1
Shots
1 2 3 T
Capitals 9 10 6 25
Penguins 10 9 12 31

1st period

1. Penguins , David Savard 1 (Sebastian Aho 3, Phil Kessel 2) at 7:15

Penalties :
Cody Ceci (PIT) for Holding (Minor) at 13:54

2nd period

No Goal

Penalties :
Cody Ceci (PIT) for Tripping (Minor) at 19:08

3rd period

No Goal

Penalties :
Brandon Davidson (WSH) for Tripping (Minor) at 6:47

Goalie Stats

Robin Lehner (WSH), 30 saves from 31 shots - (0.968), L, 3-3-0, 59:23 minutes
Connor Hellebuyck (PIT), 25 saves from 25 shots - (1.000), W, 3-1-0, 60:00 minutes

Players Stats for Capitals

Player Name              G  A  P  +/- PIM S  H  SB GA TA FO     MP     PP MP  PK MP  
------------------------------------------------------------------------------------
Alexander Ovechkin       0  0  0  -1  0   4  2  1  0  0  2/10   23:10   1:53   0:44 
Ben Chiarot              0  0  0   0  0   0  1  2  0  0  0/0    11:01   0:29   1:15 
Brandon Davidson         0  0  0  -1  2   0  5  0  0  0  0/0    15:57   0:00   0:00 
Calvin de Haan           0  0  0   0  0   1  3  2  0  0  0/0    23:47   1:49   0:04 
Chandler Stephenson      0  0  0   0  0   2  0  0  0  0  0/1    15:07   0:00   0:00 
Cody Eakin               0  0  0   0  0   3  1  0  0  0  0/1    18:27   2:05   1:15 
David Desharnais         0  0  0   0  0   1  2  0  0  0  1/2    21:08   2:05   0:40 
Derek Dorsett            0  0  0   0  0   1  2  0  0  0  0/0     4:19   0:00   0:00 
Dmitri Orlov             0  0  0   0  0   0  0  1  0  0  0/0     9:05   1:34   0:40 
Evan Rodrigues           0  0  0   0  0   1  1  0  0  0  1/1    18:23   0:00   0:00 
Jack Johnson             0  0  0   0  0   1  1  3  0  0  0/0    25:25   2:24   1:19 
Mathieu Perreault        0  0  0  -1  0   1  2  0  0  0  4/19   17:37   2:05   0:00 
Mike Green               0  0  0   0  0   1  0  0  0  0  0/0     5:24   0:17   0:00 
Morgan Rielly            0  0  0   0  0   0  1  4  0  0  0/0    20:50   0:00   0:40 
Ryan Kesler              0  0  0   0  0   4  2  0  0  0  13/18  15:42   0:00   0:35 
Ryan McDonagh            0  0  0  -1  0   0  0  1  0  0  0/0     8:30   1:23   0:00 
Taylor Hall              0  0  0  -1  0   4  1  0  0  0  3/4    23:10   1:53   0:44 
Tyler Graovac            0  0  0   0  0   1  1  0  0  0  10/22  20:58   1:53   0:00 

Players Stats for Penguins

Player Name              G  A  P  +/- PIM S  H  SB GA TA FO     MP     PP MP  PK MP  
------------------------------------------------------------------------------------
Adrian Kempe             0  0  0   0  0   0  2  0  0  0  1/1    11:43   0:00   0:07 
Clayton Keller           0  0  0   0  0   1  0  0  0  0  5/11   11:36   0:00   0:00 
Cody Ceci                0  0  0   1  4   2  4  2  0  0  0/0    18:44   1:09   0:00 
Darren Archibald         0  0  0   0  0   0  1  0  0  0  0/0     7:20   0:00   0:58 
David Perron             0  0  0   0  0   1  1  0  0  0  1/1    19:43   1:14   0:00 
David Savard             1  0  1   1  0   2  1  0  0  0  0/0    21:07   0:50   2:40 
Evgeni Malkin            0  0  0   1  0   0  2  0  0  0  11/21  18:21   0:45   0:00 
Kevin Labanc             0  0  0   0  0   0  0  0  0  0  0/0     6:22   0:00   0:00 
Mark Barberio            0  0  0   0  0   2  2  0  0  0  0/0    15:54   0:00   0:00 
Mark Giordano            0  0  0   0  0   7  1  0  0  0  0/0    23:38   0:50   2:16 
Nathan MacKinnon         0  0  0   0  0   4  0  1  0  0  19/30  22:36   1:14   2:53 
Nikita Kucherov          0  0  0   0  0   2  0  0  0  0  1/1    22:36   1:14   2:53 
Olli Maatta              0  0  0   0  0   1  4  1  0  0  0/0    16:39   0:00   1:18 
Phil Kessel              0  1  1   1  0   2  2  0  0  0  1/1    18:21   0:45   0:00 
Ryan Ellis               0  0  0   0  0   1  1  1  0  0  0/0    23:56   1:09   1:42 
Sebastian Aho            0  1  1   1  0   3  2  0  0  0  1/3    18:21   0:45   0:00 
Tim Schaller             0  0  0   0  0   0  1  0  0  0  3/7     7:27   0:00   1:05 
Vladimir Tarasenko       0  0  0   0  0   3  0  0  0  0  1/2    11:36   0:00   0:00 

3 Stars

1 - Connor Hellebuyck (PIT)
2 - Robin Lehner (WSH)
3 - David Savard (PIT)

Power Play

Capitals - 0 on 2 Attempt(s) - 0.00%
Penguins - 0 on 1 Attempt(s) - 0.00%

Penalty Kill

Capitals - 1 on 1 Attempt(s) - 100.00% - Score 0 goal in Penalty Kill
Penguins - 2 on 2 Attempt(s) - 100.00% - Score 0 goal in Penalty Kill

Team Stat

Capitals - Hits : 25 - Faceoff Wins : 34 - Blocked Shots : 14 - Penalty Minutes : 2
Penguins - Hits : 24 - Faceoff Wins : 44 - Blocked Shots : 5 - Penalty Minutes : 4

Official

Referees : Chris Lee and Dan O'Rourke
Linesman : Ryan Gibbons and Devin Berg

Game Notes

Mike Green is injured at 14:32 of 1st period (Groin)
Ryan McDonagh is injured at 0:51 of 2nd period (Left Hip)

% Time on Ice - Capitals

Lines # - Real PCT - Wanted PCT - Time Play
Normal Forward
1 - 29% - 40% - 15:32
2 - 34% - 30% - 18:23
3 - 28% - 20% - 15:07
4 - 8% - 10% - 4:19
Normal Defense
1 - 23% - 40% - 12:32
2 - 38% - 30% - 20:10
3 - 12% - 20% - 6:32
4 - 26% - 10% - 14:07
PP Forward
1 - 47% - 60% - 1:53
2 - 53% - 40% - 2:05
PP Defense
1 - 61% - 60% - 2:24
2 - 39% - 40% - 1:34
PK Forward
1 - 63% - 60% - 1:15
2 - 37% - 40% - 0:44
PK Defense
1 - 100% - 60% - 1:59
2 - 0% - 40% - 0:00
PK3 Forward
1 - 0% - 60%
2 - 0% - 40%
PK3 Defense
1 - 0% - 60%
2 - 0% - 40%
44 Forward
1 - 0% - 60%
2 - 0% - 40%
44 Defense
1 - 0% - 60%
2 - 0% - 40%
Last Minute Offensive  - 0:42
Last Minute Defensive  - 0:00
Total
Forward - 60:00
Defense - 60:00

% Time on Ice - Penguins

Lines # - Real PCT - Wanted PCT - Time Play
Normal Forward
1 - 33% - 37% - 17:47
2 - 33% - 35% - 17:36
3 - 22% - 20% - 11:36
4 - 12% - 8% - 6:22
Normal Defense
1 - 37% - 40% - 19:50
2 - 33% - 35% - 17:37
3 - 29% - 25% - 15:21
4 - 1% - 0% - 0:33
PP Forward
1 - 62% - 60% - 1:14
2 - 38% - 40% - 0:45
PP Defense
1 - 42% - 60% - 0:50
2 - 58% - 40% - 1:09
PK Forward
1 - 76% - 60% - 3:00
2 - 24% - 40% - 0:58
PK Defense
1 - 57% - 60% - 2:16
2 - 43% - 40% - 1:42
PK3 Forward
1 - 0% - 60%
2 - 0% - 40%
PK3 Defense
1 - 0% - 60%
2 - 0% - 40%
44 Forward
1 - 0% - 60%
2 - 0% - 40%
44 Defense
1 - 0% - 60%
2 - 0% - 40%
Last Minute Offensive  - 0:00
Last Minute Defensive  - 0:42
Total
Forward - 60:00
Defense - 60:00

Play-by-Play

1st period


0:01 of 1st period - Nathan MacKinnon wins face-off versus Mathieu Perreault in neutral zone.
0:12 of 1st period - Shot by Nikita Kucherov.
0:12 of 1st period - Shot Misses the Net.
0:14 of 1st period - Shot by Mark Giordano.
0:14 of 1st period - Stopped by Robin Lehner without a rebound.
0:15 of 1st period - Tyler Graovac wins face-off versus Sebastian Aho in Capitals zone.
0:15 of 1st period - Tyler Graovac is hit by Sebastian Aho.
0:21 of 1st period - Cody Ceci is hit by Tyler Graovac and loses puck.
1:28 of 1st period - David Savard is hit by Alexander Ovechkin and loses puck.
2:11 of 1st period - Shot by Nathan MacKinnon.
2:11 of 1st period - Stopped by Robin Lehner with a rebound.
3:15 of 1st period - Shot by Adrian Kempe.
3:15 of 1st period - Deflect By Vladimir Tarasenko.
3:15 of 1st period - Shot Blocked by Dmitri Orlov.
3:17 of 1st period - Shot by Clayton Keller.
3:17 of 1st period - Shot Misses the Net.
3:19 of 1st period - Shot by Olli Maatta.
3:19 of 1st period - Stopped by Robin Lehner without a rebound.
3:20 of 1st period - Tim Schaller wins face-off versus Tyler Graovac in Capitals zone.
4:10 of 1st period - Shot by Vladimir Tarasenko.
4:10 of 1st period - Shot Misses the Net.
4:14 of 1st period - Shot by Vladimir Tarasenko.
4:14 of 1st period - Shot Misses the Net.
4:16 of 1st period - Shot by Mark Giordano.
4:16 of 1st period - Shot Misses the Net.
4:20 of 1st period - Shot by Vladimir Tarasenko.
4:20 of 1st period - Shot Blocked by Morgan Rielly.
4:26 of 1st period - Shot by Vladimir Tarasenko.
4:26 of 1st period - Shot Misses the Net.
4:28 of 1st period - Shot by Mark Giordano.
4:28 of 1st period - Shot Misses the Net.
5:11 of 1st period - Off-side.
5:12 of 1st period - Nathan MacKinnon wins face-off versus Alexander Ovechkin in neutral zone.
5:35 of 1st period - Shot by Alexander Ovechkin.
5:35 of 1st period - Shot Blocked by Nathan MacKinnon.
5:43 of 1st period - Shot by Alexander Ovechkin.
5:43 of 1st period - Shot Misses the Net.
5:51 of 1st period - Shot by Taylor Hall.
5:51 of 1st period - Stopped by Connor Hellebuyck without a rebound.
5:52 of 1st period - Ryan Kesler wins face-off versus Clayton Keller in Penguins zone.
7:04 of 1st period - Ryan McDonagh is hit by Phil Kessel and loses puck.
7:13 of 1st period - Shot by Sebastian Aho.
7:13 of 1st period - Shot Blocked by Ryan McDonagh.
7:15 of 1st period - Shot by David Savard.
7:15 of 1st period - Goal by David Savard - Capitals : 0 - Penguins : 1.
7:16 of 1st period - Nathan MacKinnon wins face-off versus Tyler Graovac in neutral zone.
8:40 of 1st period - Taylor Hall is hit by Mark Barberio and loses puck.
10:27 of 1st period - Ryan Kesler is hit by David Savard and loses puck.
10:30 of 1st period - Shot by Ryan Kesler.
10:30 of 1st period - Shot Misses the Net.
10:32 of 1st period - Shot by Ryan Kesler.
10:32 of 1st period - Stopped by Connor Hellebuyck without a rebound.
10:33 of 1st period - Vladimir Tarasenko wins face-off versus Alexander Ovechkin in Penguins zone.
10:50 of 1st period - Shot by Taylor Hall.
10:50 of 1st period - Stopped by Connor Hellebuyck with a rebound.
11:00 of 1st period - Shot by Alexander Ovechkin.
11:00 of 1st period - Stopped by Connor Hellebuyck without a rebound.
11:01 of 1st period - Evgeni Malkin wins face-off versus Tyler Graovac in Penguins zone.
11:12 of 1st period - Shot by Phil Kessel.
11:12 of 1st period - Stopped by Robin Lehner with a rebound.
11:14 of 1st period - Shot by Cody Ceci.
11:14 of 1st period - Stopped by Robin Lehner without a rebound.
11:15 of 1st period - Evgeni Malkin wins face-off versus Ryan Kesler in Capitals zone.
11:15 of 1st period - Evgeni Malkin is hit by Calvin de Haan.
11:28 of 1st period - Off-side.
11:29 of 1st period - Nikita Kucherov wins face-off versus Tyler Graovac in neutral zone.
11:36 of 1st period - Shot by David Perron.
11:36 of 1st period - Stopped by Robin Lehner without a rebound.
11:37 of 1st period - Nathan MacKinnon wins face-off versus Mathieu Perreault in Capitals zone.
11:46 of 1st period - Shot by Nathan MacKinnon.
11:46 of 1st period - Shot Misses the Net.
12:06 of 1st period - Shot by Alexander Ovechkin.
12:06 of 1st period - Stopped by Connor Hellebuyck without a rebound.
12:07 of 1st period - Tyler Graovac wins face-off versus Evgeni Malkin in Penguins zone.
12:18 of 1st period - Shot by Mark Giordano.
12:18 of 1st period - Shot Misses the Net.
12:32 of 1st period - Shot by Mike Green.
12:32 of 1st period - Stopped by Connor Hellebuyck without a rebound.
12:33 of 1st period - Ryan Kesler wins face-off versus Clayton Keller in Penguins zone.
12:33 of 1st period - Ryan McDonagh is hit by Cody Ceci and loses puck.
12:50 of 1st period - Shot by Vladimir Tarasenko.
12:50 of 1st period - Shot Misses the Net.
12:56 of 1st period - Shot by Vladimir Tarasenko.
12:56 of 1st period - Stopped by Robin Lehner without a rebound.
12:57 of 1st period - Nathan MacKinnon wins face-off versus Mathieu Perreault in Capitals zone.
13:00 of 1st period - Shot by Nikita Kucherov.
13:00 of 1st period - Shot Misses the Net.
13:34 of 1st period - Morgan Rielly is hit by Mark Giordano and loses puck.
13:37 of 1st period - Shot by Mike Green.
13:37 of 1st period - Shot Misses the Net.
13:54 of 1st period - Minor Penalty to Cody Ceci for Holding.
13:55 of 1st period - Mathieu Perreault wins face-off versus Nathan MacKinnon in Penguins zone.
14:15 of 1st period - Shot by Cody Eakin.
14:15 of 1st period - Stopped by Connor Hellebuyck without a rebound.
14:16 of 1st period - Taylor Hall wins face-off versus Tim Schaller in Penguins zone.
14:31 of 1st period - Mike Green is hit by Tim Schaller and loses puck.
14:32 of 1st period - Mike Green from Capitals is injured at 14:32 of 1st period (Groin).
14:33 of 1st period - Nathan MacKinnon wins face-off versus Mathieu Perreault in Capitals zone.
14:37 of 1st period - Icing by Ryan McDonagh.
14:38 of 1st period - Mathieu Perreault wins face-off versus Nathan MacKinnon in Capitals zone.
14:38 of 1st period - Mathieu Perreault is hit by Olli Maatta.
15:33 of 1st period - Off-side.
15:34 of 1st period - Nathan MacKinnon wins face-off versus Alexander Ovechkin in neutral zone.
15:45 of 1st period - Shot by Calvin de Haan.
15:45 of 1st period - Stopped by Connor Hellebuyck without a rebound.
15:46 of 1st period - Nathan MacKinnon wins face-off versus Taylor Hall in Penguins zone.
16:13 of 1st period - Shot by Sebastian Aho.
16:13 of 1st period - Stopped by Robin Lehner with a rebound.
16:15 of 1st period - Shot by Cody Ceci.
16:15 of 1st period - Shot Misses the Net.
16:43 of 1st period - Shot by Ryan Kesler.
16:43 of 1st period - Shot Misses the Net.
16:45 of 1st period - Shot by Chandler Stephenson.
16:45 of 1st period - Stopped by Connor Hellebuyck with a rebound.
16:47 of 1st period - Shot by Chandler Stephenson.
16:47 of 1st period - Shot Misses the Net.
16:56 of 1st period - Icing by Cody Ceci.
16:57 of 1st period - Evgeni Malkin wins face-off versus Tyler Graovac in Penguins zone.
17:27 of 1st period - Icing by Mark Giordano.
17:28 of 1st period - Ryan Kesler wins face-off versus Clayton Keller in Penguins zone.
17:43 of 1st period - Shot by Dmitri Orlov.
17:43 of 1st period - Shot Misses the Net.
17:45 of 1st period - Shot by Ryan Kesler.
17:45 of 1st period - Shot Misses the Net.
18:50 of 1st period - Icing by Calvin de Haan.
18:51 of 1st period - Ryan Kesler wins face-off versus Evgeni Malkin in Capitals zone.
18:51 of 1st period - Ryan Kesler is hit by Evgeni Malkin.
19:14 of 1st period - Shot by Evgeni Malkin.
19:14 of 1st period - Deflect By Phil Kessel.
19:14 of 1st period - Stopped by Robin Lehner with a rebound.
19:19 of 1st period - Off-side.
19:20 of 1st period - Tyler Graovac wins face-off versus Tim Schaller in neutral zone.
19:49 of 1st period - Shot by Evan Rodrigues.
19:49 of 1st period - Shot Misses the Net.
19:51 of 1st period - Shot by Tyler Graovac.
19:51 of 1st period - Shot Blocked by Ryan Ellis.
Goals for this period are 0 for Capitals vs 1 for Penguins.
Shots for this period are 9 for Capitals vs 10 for Penguins.

2nd period


0:01 of 2nd period - Nathan MacKinnon wins face-off versus Mathieu Perreault in neutral zone.
0:50 of 2nd period - Ryan McDonagh is hit by Ryan Ellis and loses puck.
0:51 of 2nd period - Ryan McDonagh from Capitals is injured at 0:51 of 2nd period (Left Hip).
0:52 of 2nd period - Tyler Graovac wins face-off versus Evgeni Malkin in Penguins zone.
1:41 of 2nd period - Icing by Mark Giordano.
1:42 of 2nd period - Evgeni Malkin wins face-off versus Ryan Kesler in Penguins zone.
2:04 of 2nd period - Jack Johnson is hit by Adrian Kempe and loses puck.
2:33 of 2nd period - Morgan Rielly is hit by Adrian Kempe and loses puck.
3:03 of 2nd period - Off-side.
3:04 of 2nd period - Tyler Graovac wins face-off versus Tim Schaller in neutral zone.
3:07 of 2nd period - Tim Schaller is hit by Evan Rodrigues and loses puck.
4:17 of 2nd period - Shot by Nathan MacKinnon.
4:17 of 2nd period - Shot Blocked by Morgan Rielly.
5:08 of 2nd period - Icing by Olli Maatta.
5:09 of 2nd period - Ryan Kesler wins face-off versus Evgeni Malkin in Penguins zone.
5:09 of 2nd period - Cody Eakin is hit by Olli Maatta and loses puck.
5:29 of 2nd period - Shot by Ryan Kesler.
5:29 of 2nd period - Deflect By Cody Eakin.
5:29 of 2nd period - Stopped by Connor Hellebuyck without a rebound.
5:30 of 2nd period - Clayton Keller wins face-off versus Tyler Graovac in Penguins zone.
5:30 of 2nd period - Clayton Keller is hit by David Desharnais.
6:19 of 2nd period - Clayton Keller is hit by Brandon Davidson.
6:37 of 2nd period - Shot by Nathan MacKinnon.
6:37 of 2nd period - Shot Misses the Net.
6:42 of 2nd period - Nathan MacKinnon is hit by Brandon Davidson and loses puck.
6:59 of 2nd period - Nikita Kucherov is hit by Brandon Davidson and loses puck.
7:43 of 2nd period - Icing by Evan Rodrigues.
7:44 of 2nd period - Tim Schaller wins face-off versus Tyler Graovac in Capitals zone.
7:44 of 2nd period - Tim Schaller is hit by Brandon Davidson.
8:43 of 2nd period - Alexander Ovechkin is hit by Cody Ceci and loses puck.
9:28 of 2nd period - Icing by Mark Barberio.
9:29 of 2nd period - Alexander Ovechkin wins face-off versus Nathan MacKinnon in Penguins zone.
9:36 of 2nd period - Shot by Alexander Ovechkin.
9:36 of 2nd period - Stopped by Connor Hellebuyck without a rebound.
9:37 of 2nd period - Ryan Kesler wins face-off versus Evgeni Malkin in Penguins zone.
9:44 of 2nd period - Shot by Chandler Stephenson.
9:44 of 2nd period - Stopped by Connor Hellebuyck without a rebound.
9:45 of 2nd period - Nathan MacKinnon wins face-off versus Alexander Ovechkin in Penguins zone.
9:56 of 2nd period - Off-side.
9:57 of 2nd period - Ryan Kesler wins face-off versus Evgeni Malkin in neutral zone.
9:59 of 2nd period - Chandler Stephenson is hit by Cody Ceci and loses puck.
10:10 of 2nd period - Shot by Ryan Kesler.
10:10 of 2nd period - Stopped by Connor Hellebuyck with a rebound.
10:12 of 2nd period - Shot by Ryan Kesler.
10:12 of 2nd period - Stopped by Connor Hellebuyck without a rebound.
10:13 of 2nd period - Nathan MacKinnon wins face-off versus Mathieu Perreault in Penguins zone.
10:20 of 2nd period - Shot by Nathan MacKinnon.
10:20 of 2nd period - Stopped by Robin Lehner without a rebound.
10:21 of 2nd period - Ryan Kesler wins face-off versus Evgeni Malkin in Capitals zone.
10:21 of 2nd period - Ryan Kesler is hit by Evgeni Malkin.
10:43 of 2nd period - Shot by Mark Giordano.
10:43 of 2nd period - Stopped by Robin Lehner without a rebound.
10:44 of 2nd period - Nathan MacKinnon wins face-off versus Mathieu Perreault in Capitals zone.
11:30 of 2nd period - David Savard is hit by Jack Johnson and loses puck.
11:34 of 2nd period - Icing by Jack Johnson.
11:35 of 2nd period - Evgeni Malkin wins face-off versus Ryan Kesler in Capitals zone.
11:52 of 2nd period - Phil Kessel is hit by Calvin de Haan and loses puck.
11:56 of 2nd period - Evgeni Malkin is hit by Calvin de Haan and loses puck.
12:04 of 2nd period - Icing by Ryan Kesler.
12:05 of 2nd period - Clayton Keller wins face-off versus Cody Eakin in Capitals zone.
12:47 of 2nd period - Shot by Mathieu Perreault.
12:47 of 2nd period - Stopped by Connor Hellebuyck without a rebound.
12:48 of 2nd period - Tyler Graovac wins face-off versus Nathan MacKinnon in Penguins zone.
12:51 of 2nd period - Shot by Evan Rodrigues.
12:51 of 2nd period - Shot Misses the Net.
13:13 of 2nd period - Shot by David Desharnais.
13:13 of 2nd period - Stopped by Connor Hellebuyck without a rebound.
13:14 of 2nd period - Evgeni Malkin wins face-off versus Alexander Ovechkin in Penguins zone.
13:39 of 2nd period - Shot by Derek Dorsett.
13:39 of 2nd period - Stopped by Connor Hellebuyck without a rebound.
13:40 of 2nd period - Nathan MacKinnon wins face-off versus David Desharnais in Penguins zone.
14:03 of 2nd period - Shot by Nikita Kucherov.
14:03 of 2nd period - Stopped by Robin Lehner without a rebound.
14:04 of 2nd period - Mathieu Perreault wins face-off versus Sebastian Aho in Capitals zone.
14:04 of 2nd period - Mathieu Perreault is hit by Phil Kessel.
14:30 of 2nd period - Shot by Alexander Ovechkin.
14:30 of 2nd period - Shot Misses the Net.
15:05 of 2nd period - Icing by Nikita Kucherov.
15:06 of 2nd period - Nathan MacKinnon wins face-off versus Tyler Graovac in Penguins zone.
15:20 of 2nd period - Shot by Tyler Graovac.
15:20 of 2nd period - Stopped by Connor Hellebuyck without a rebound.
15:21 of 2nd period - Ryan Kesler wins face-off versus Clayton Keller in Penguins zone.
15:41 of 2nd period - Shot by Vladimir Tarasenko.
15:41 of 2nd period - Shot Misses the Net.
15:45 of 2nd period - Shot by Vladimir Tarasenko.
15:45 of 2nd period - Stopped by Robin Lehner with a rebound.
15:47 of 2nd period - Shot by Mark Barberio.
15:47 of 2nd period - Stopped by Robin Lehner without a rebound.
15:48 of 2nd period - Sebastian Aho wins face-off versus Tyler Graovac in Capitals zone.
15:53 of 2nd period - Shot by Phil Kessel.
15:53 of 2nd period - Shot Misses the Net.
16:21 of 2nd period - Shot by Mark Giordano.
16:21 of 2nd period - Stopped by Robin Lehner with a rebound.
16:47 of 2nd period - Off-side.
16:48 of 2nd period - Alexander Ovechkin wins face-off versus Clayton Keller in neutral zone.
17:21 of 2nd period - Shot by Taylor Hall.
17:21 of 2nd period - Stopped by Connor Hellebuyck with a rebound.
17:47 of 2nd period - Shot by Chandler Stephenson.
17:47 of 2nd period - Shot Hit the Post.
18:01 of 2nd period - Ryan Kesler is hit by Mark Barberio.
18:37 of 2nd period - Shot by Nathan MacKinnon.
18:37 of 2nd period - Stopped by Robin Lehner without a rebound.
18:38 of 2nd period - Tyler Graovac wins face-off versus Evgeni Malkin in Capitals zone.
18:38 of 2nd period - Tyler Graovac is hit by Sebastian Aho.
18:58 of 2nd period - Shot by Sebastian Aho.
18:58 of 2nd period - Stopped by Robin Lehner without a rebound.
18:59 of 2nd period - Nathan MacKinnon wins face-off versus Mathieu Perreault in Capitals zone.
19:00 of 2nd period - Shot by Nikita Kucherov.
19:00 of 2nd period - Stopped by Robin Lehner with a rebound.
19:06 of 2nd period - Cody Ceci is hit by Mathieu Perreault and loses puck.
19:08 of 2nd period - Minor Penalty to Cody Ceci for Tripping.
19:09 of 2nd period - Nathan MacKinnon wins face-off versus Mathieu Perreault in Penguins zone.
19:26 of 2nd period - Shot by Nikita Kucherov.
19:26 of 2nd period - Shot Blocked by Calvin de Haan.
Goals for this period are 0 for Capitals vs 0 for Penguins.
Shots for this period are 10 for Capitals vs 9 for Penguins.

3rd period


0:01 of 3rd period - Taylor Hall wins face-off versus Nathan MacKinnon in neutral zone.
0:13 of 3rd period - Icing by Jack Johnson.
0:14 of 3rd period - Taylor Hall wins face-off versus Nathan MacKinnon in Capitals zone.
1:29 of 3rd period - Shot by Evgeni Malkin.
1:29 of 3rd period - Shot Blocked by Morgan Rielly.
1:40 of 3rd period - Off-side.
1:41 of 3rd period - Evan Rodrigues wins face-off versus Tim Schaller in neutral zone.
1:48 of 3rd period - Shot by Evan Rodrigues.
1:48 of 3rd period - Shot Blocked by Cody Ceci.
2:00 of 3rd period - Shot by David Desharnais.
2:00 of 3rd period - Shot Blocked by Cody Ceci.
2:02 of 3rd period - Shot by Evan Rodrigues.
2:02 of 3rd period - Stopped by Connor Hellebuyck without a rebound.
2:03 of 3rd period - Adrian Kempe wins face-off versus Mathieu Perreault in Penguins zone.
2:20 of 3rd period - Shot by Vladimir Tarasenko.
2:20 of 3rd period - Stopped by Robin Lehner with a rebound.
2:22 of 3rd period - Shot by Mark Giordano.
2:22 of 3rd period - Stopped by Robin Lehner without a rebound.
2:23 of 3rd period - Ryan Kesler wins face-off versus Nathan MacKinnon in Capitals zone.
2:23 of 3rd period - Ryan Kesler is hit by David Perron.
2:45 of 3rd period - Shot by Nathan MacKinnon.
2:45 of 3rd period - Shot Misses the Net.
3:13 of 3rd period - Shot by Alexander Ovechkin.
3:13 of 3rd period - Shot Blocked by Olli Maatta.
3:15 of 3rd period - Shot by Morgan Rielly.
3:15 of 3rd period - Shot Misses the Net.
3:17 of 3rd period - Shot by Mathieu Perreault.
3:17 of 3rd period - Deflect By Alexander Ovechkin.
3:17 of 3rd period - Stopped by Connor Hellebuyck without a rebound.
3:18 of 3rd period - Evgeni Malkin wins face-off versus Tyler Graovac in Penguins zone.
3:33 of 3rd period - Shot by Phil Kessel.
3:33 of 3rd period - Shot Misses the Net.
3:45 of 3rd period - Mark Giordano is hit by David Desharnais and loses puck.
4:04 of 3rd period - Icing by Morgan Rielly.
4:05 of 3rd period - Tyler Graovac wins face-off versus Clayton Keller in Capitals zone.
4:59 of 3rd period - Vladimir Tarasenko is hit by Ryan Kesler and loses puck.
5:03 of 3rd period - David Savard is hit by Ben Chiarot and loses puck.
5:16 of 3rd period - Olli Maatta is hit by Ryan Kesler and loses puck.
5:27 of 3rd period - Shot by Nathan MacKinnon.
5:27 of 3rd period - Shot Misses the Net.
5:29 of 3rd period - Shot by Mark Barberio.
5:29 of 3rd period - Stopped by Robin Lehner without a rebound.
5:30 of 3rd period - Tyler Graovac wins face-off versus Evgeni Malkin in Capitals zone.
6:29 of 3rd period - Nathan MacKinnon is hit by Brandon Davidson and loses puck.
6:46 of 3rd period - Shot by Nathan MacKinnon.
6:46 of 3rd period - Shot Misses the Net.
6:47 of 3rd period - Minor Penalty to Brandon Davidson for Tripping.
6:48 of 3rd period - Nathan MacKinnon wins face-off versus Alexander Ovechkin in Capitals zone.
6:55 of 3rd period - Shot by Mark Giordano.
6:55 of 3rd period - Shot Blocked by Jack Johnson.
6:57 of 3rd period - Shot by Mark Giordano.
6:57 of 3rd period - Shot Misses the Net.
6:59 of 3rd period - Shot by Nathan MacKinnon.
6:59 of 3rd period - Stopped by Robin Lehner without a rebound.
7:00 of 3rd period - Phil Kessel wins face-off versus Ryan Kesler in Capitals zone.
7:11 of 3rd period - Shot by Ryan Ellis.
7:11 of 3rd period - Shot Misses the Net.
7:34 of 3rd period - Shot by Ryan Ellis.
7:34 of 3rd period - Stopped by Robin Lehner without a rebound.
7:35 of 3rd period - Nathan MacKinnon wins face-off versus Alexander Ovechkin in Capitals zone.
7:48 of 3rd period - Shot by Nikita Kucherov.
7:48 of 3rd period - Shot Hit the Post.
7:50 of 3rd period - Shot by Mark Giordano.
7:50 of 3rd period - Stopped by Robin Lehner with a rebound.
7:56 of 3rd period - Shot by David Perron.
7:56 of 3rd period - Shot Blocked by Ben Chiarot.
7:58 of 3rd period - Shot by David Savard.
7:58 of 3rd period - Shot Blocked by Alexander Ovechkin.
8:00 of 3rd period - Shot by Mark Giordano.
8:00 of 3rd period - Shot Blocked by Jack Johnson.
8:02 of 3rd period - Shot by David Savard.
8:02 of 3rd period - Stopped by Robin Lehner without a rebound.
8:03 of 3rd period - David Desharnais wins face-off versus Nathan MacKinnon in Capitals zone.
9:05 of 3rd period - Shot by Taylor Hall.
9:05 of 3rd period - Shot Misses the Net.
10:21 of 3rd period - Taylor Hall is hit by Cody Ceci and loses puck.
10:28 of 3rd period - Shot by David Savard.
10:28 of 3rd period - Shot Misses the Net.
10:36 of 3rd period - Shot by Sebastian Aho.
10:36 of 3rd period - Stopped by Robin Lehner without a rebound.
10:37 of 3rd period - Nathan MacKinnon wins face-off versus Tyler Graovac in Capitals zone.
10:38 of 3rd period - Shot by Mark Giordano.
10:38 of 3rd period - Shot Misses the Net.
10:40 of 3rd period - Shot by Mark Giordano.
10:40 of 3rd period - Shot Blocked by Jack Johnson.
11:12 of 3rd period - Shot by Mark Giordano.
11:12 of 3rd period - Stopped by Robin Lehner without a rebound.
11:13 of 3rd period - Evgeni Malkin wins face-off versus Chandler Stephenson in Capitals zone.
11:24 of 3rd period - Shot by Evgeni Malkin.
11:24 of 3rd period - Shot Blocked by Ben Chiarot.
11:26 of 3rd period - Shot by Evgeni Malkin.
11:26 of 3rd period - Shot Blocked by Morgan Rielly.
11:28 of 3rd period - Shot by Cody Ceci.
11:28 of 3rd period - Stopped by Robin Lehner without a rebound.
11:29 of 3rd period - Clayton Keller wins face-off versus Mathieu Perreault in Capitals zone.
11:38 of 3rd period - Shot by Clayton Keller.
11:38 of 3rd period - Stopped by Robin Lehner without a rebound.
11:39 of 3rd period - Ryan Kesler wins face-off versus Nathan MacKinnon in Capitals zone.
11:44 of 3rd period - Shot by Jack Johnson.
11:44 of 3rd period - Stopped by Connor Hellebuyck without a rebound.
11:45 of 3rd period - David Perron wins face-off versus Mathieu Perreault in Penguins zone.
11:59 of 3rd period - Icing by Jack Johnson.
12:00 of 3rd period - Evgeni Malkin wins face-off versus Mathieu Perreault in Capitals zone.
12:09 of 3rd period - Shot by Sebastian Aho.
12:09 of 3rd period - Deflect By Phil Kessel.
12:09 of 3rd period - Shot Blocked by Calvin de Haan.
12:42 of 3rd period - Cody Ceci is hit by Mathieu Perreault and loses puck.
13:47 of 3rd period - Shot by Chandler Stephenson.
13:47 of 3rd period - Shot Misses the Net.
13:49 of 3rd period - Shot by Ryan Kesler.
13:49 of 3rd period - Stopped by Connor Hellebuyck without a rebound.
13:50 of 3rd period - Clayton Keller wins face-off versus Ryan Kesler in Penguins zone.
13:50 of 3rd period - Clayton Keller is hit by Cody Eakin.
14:04 of 3rd period - Shot by Cody Eakin.
14:04 of 3rd period - Stopped by Connor Hellebuyck without a rebound.
14:05 of 3rd period - Tim Schaller wins face-off versus Alexander Ovechkin in Penguins zone.
14:05 of 3rd period - Tim Schaller is hit by Derek Dorsett.
14:14 of 3rd period - Olli Maatta is hit by Derek Dorsett and loses puck.
14:29 of 3rd period - Tim Schaller is hit by Morgan Rielly and loses puck.
14:59 of 3rd period - Tyler Graovac is hit by Darren Archibald and loses puck.
15:53 of 3rd period - Icing by Brandon Davidson.
15:54 of 3rd period - Evgeni Malkin wins face-off versus Tyler Graovac in Capitals zone.
16:06 of 3rd period - Icing by David Savard.
16:07 of 3rd period - Mathieu Perreault wins face-off versus Evgeni Malkin in Penguins zone.
16:10 of 3rd period - Shot by Taylor Hall.
16:10 of 3rd period - Stopped by Connor Hellebuyck without a rebound.
16:11 of 3rd period - Evgeni Malkin wins face-off versus Mathieu Perreault in Penguins zone.
16:27 of 3rd period - Shot by Evgeni Malkin.
16:27 of 3rd period - Shot Misses the Net.
16:29 of 3rd period - Shot by David Savard.
16:29 of 3rd period - Shot Misses the Net.
17:12 of 3rd period - Off-side.
17:13 of 3rd period - Ryan Kesler wins face-off versus Nathan MacKinnon in neutral zone.
17:38 of 3rd period - Icing by Ryan Kesler.
17:39 of 3rd period - Ryan Kesler wins face-off versus Vladimir Tarasenko in Capitals zone.
17:49 of 3rd period - Cody Eakin is hit by Olli Maatta and loses puck.
18:22 of 3rd period - Evan Rodrigues is hit by Olli Maatta and loses puck.
18:32 of 3rd period - Icing by Olli Maatta.
18:33 of 3rd period - Clayton Keller wins face-off versus Mathieu Perreault in Penguins zone.
18:33 of 3rd period - Mark Barberio is hit by Alexander Ovechkin and loses puck.
18:52 of 3rd period - David Perron is hit by Taylor Hall and loses puck.
19:17 of 3rd period - Shot by Mark Giordano.
19:17 of 3rd period - Stopped by Robin Lehner without a rebound.
19:18 of 3rd period - Tyler Graovac wins face-off versus Nathan MacKinnon in Capitals zone.
19:23 of 3rd period - Capitals, Robin Lehner is pulled from the net.
Goals for this period are 0 for Capitals vs 0 for Penguins.
Shots for this period are 6 for Capitals vs 12 for Penguins.